AoeStats
← Steffels

Arabia

510182654Analyzed
1v1 RM · 2d ago on Sep 29, 2026· 54m 14s· 2 players
Game mode
Random Map
Map size
Tiny (2 player)
Population
200
Speed
Normal
Resources
Standard
Victory
Conquest
Starting age
Dark Age
Ending age
Imperial Age
RankedLock teamsTeams togetherTeam positionsShared explorationLock speedFull tech treeHidden civsTurbo modeCheats
Victory
Defeat
🇧🇪 Varangians · Belgium
1047
+15
🇦🇷 Teutons · Argentina
1036
-15
MANKANTIMETA
5:09 Loom
9:47 Feudal Age
18:32 Double-Bit Axe
21:01 Castle Age
19:28 Gold Mining
19:21 Horse Collar
19:56 Forging
20:10 Bloodlines
21:53 Pikeman
26:38 Iron Casting
26:09 Scale Barding Armor
30:24 Wheelbarrow
36:14 Hand Cart
39:36 Heavy Plow
40:27 Town Watch
47:11 Imperial Age
46:06 Fletching
46:17 Padded Archer Armor
46:19 Scale Mail Armor
46:16 Elite Skirmisher
48:16 Conscription
49:17 Chemistry
48:03 Elite Teutonic Knight
49:33 Ballistics
Steffels
5:36 Loom
10:01 Feudal Age
10:34 Double-Bit Axe
10:30 Horse Collar
14:32 Bloodlines
21:45 Castle Age
20:08 Gold Mining
20:27 Scale Barding Armor
20:48 Forging
21:49 Wheelbarrow
22:53 Husbandry
23:37 Chain Barding Armor
22:57 Light Cavalry
23:31 Fletching
23:43 Padded Archer Armor
27:24 Bodkin Arrow
28:36 Stone Mining
29:20 Hand Cart
30:59 Bow Saw
30:55 Heavy Plow
33:57 Iron Casting
37:36 Leather Archer Armor
41:41 Imperial Age
40:51 Ballistics
44:22 Bracer
44:59 Plate Barding Armor
45:24 Blast Furnace
43:52 Hussar
43:56 Heavy Mounted Crossbowman
43:57 Cranequins
46:33 Chemistry
45:24 Elite Jarl
46:25 Conscription
48:08 Heavy Mounted Crossbowman
48:09 Cranequins
50:40 Ring Archer Armor
52:47 Two-Man Saw
Connection lost

Rejoining the realm…

Still unreachable

The connection could not be restored.

Session expired

The server has moved on; the page needs a fresh start.